[Event "Hunan Belt and Road Open 2019"]
[Site "Hunan"]
[Date "2019.07.30"]
[Round "2.19"]
[White "Deac, Bogdan-Daniel"]
[Black "Li, Yankai"]
[Result "1-0"]
[ECO "E05"]
[WhiteElo "2621"]
[BlackElo "2439"]
[Annotator "RC"]
[PlyCount "89"]
[EventDate "2019.07.29"]
[EventType "swiss"]
[EventCountry "CHN"]
[SourceTitle "playchess.com"]
[Source "ChessBase"]
[SourceQuality "1"]
[TimeControl "5400+30"]

1. d4 Nf6 2. c4 e6 3. Nf3 d5 4. g3 Be7 5. Bg2 O-O 6. O-O dxc4 7. Qc2 a6 8. a4 c5 9. dxc5 Bxc5 10. Qxc4 b6 11. Ne5 Ra7 12. Nd3 Bd6 13. Bg5 h6 14. Bxf6 Qxf6 15. Nd2 Qe7 16. Rfc1 Nd7 17. a5 Rc7 18. Qa2 b5 19. Ne4 Ne5 20. Nxd6 Rxc1+ 21. Rxc1 Qxd6 22. Nxe5 Qxe5 23. b4 Qd4 24. Qb1 Rd8 25. e3 Qd2 26. Bf3 Qd6 27. Rc6 Qd2 28. Rc2 Qd7 29. Bc6 Qe7 30. Rc5 Bb7 31. Qe4 Bxc6 32. Qxc6 Qf6 33. Qxa6 Rd1+ 34. Kg2 Qa1 35. Qxb5 Rh1 36. Qd3 f5 37. Qd7 Kh7 38. Rc7 Rg1+ 39. Kf3 Qf6 40. h3 Qg6 41. Qf7 Qg5 42. Rc8 e5 43. a6 Rh1 44. a7 Rxh3 45. Kg2 1-0

[Event "Hunan Belt and Road Open 2019"]
[Site "Hunan"]
[Date "2019.07.30"]
[Round "2.21"]
[White "Oleksiyenko, Mykhaylo"]
[Black "Xiang, Zeyu"]
[Result "1-0"]
[ECO "C54"]
[WhiteElo "2600"]
[BlackElo "2447"]
[Annotator "RC"]
[PlyCount "97"]
[EventDate "2019.07.29"]
[EventType "swiss"]
[EventCountry "CHN"]
[SourceTitle "playchess.com"]
[Source "ChessBase"]
[SourceQuality "1"]
[TimeControl "5400+30"]

1. e4 e5 2. Nf3 Nc6 3. Bc4 Bc5 4. c3 Nf6 5. d4 exd4 6. e5 d5 7. Bb5 Ne4 8. cxd4 Bb6 9. Nc3 Bg4 10. Be3 O-O 11. h3 Bh5 12. Qc2 Bg6 13. Qb3 Ne7 14. O-O c6 15. Bd3 Nxc3 16. Qxc3 f6 17. exf6 Rxf6 18. Ne5 Bxd3 19. Qxd3 Qd6 20. f4 Nf5 21. Bf2 Qc7 22. a4 a5 23. g4 Nd6 24. Bg3 Ne4 25. Kg2 Qd6 26. Rad1 Qb4 27. b3 Bc7 28. f5 c5 29. Be1 Qa3 30. Qc2 Re8 31. Rf3 c4 32. b4 c3 33. Bxc3 Bxe5 34. Ra1 Qxa1 35. Bxa1 Rc6 36. Qb3 Bd6 37. bxa5 Rc4 38. Re3 Rec8 39. Re2 R8c7 40. Qb5 Nf6 41. a6 bxa6 42. Qxa6 R7c6 43. Qb5 h6 44. a5 Rc8 45. a6 Bb8 46. Bb2 Ba7 47. h4 Rb8 48. Qa5 Bxd4 49. Bxd4 1-0

[Event "Hunan Belt and Road Open 2019"]
[Site "Hunan"]
[Date "2019.07.30"]
[Round "2.22"]
[White "Fang, Yan"]
[Black "Ju, Wenjun"]
[Result "1/2-1/2"]
[ECO "D30"]
[WhiteElo "2424"]
[BlackElo "2595"]
[Annotator "ChessBase"]
[PlyCount "127"]
[EventDate "2019.07.29"]
[EventType "swiss"]
[EventCountry "CHN"]
[SourceTitle "playchess.com"]
[Source "ChessBase"]
[SourceQuality "1"]
[TimeControl "5400+30"]

1. d4 Nf6 2. Nf3 d5 3. c4 e6 4. e3 Be7 5. Nbd2 O-O 6. Bd3 c5 7. dxc5 Nbd7 8. O-O Nxc5 9. Be2 Nfe4 10. Nxe4 dxe4 11. Nd4 e5 12. Nb5 f5 13. Qxd8 Rxd8 14. Nc7 Rb8 15. Nd5 Bd6 16. Rd1 Be6 17. b3 Nd3 18. Bxd3 exd3 19. Rxd3 b5 20. e4 bxc4 21. bxc4 fxe4 22. Rd1 Rbc8 23. Be3 Rd7 24. c5 Bf8 25. Nc3 Rxd1+ 26. Rxd1 Bxc5 27. Bxc5 Rxc5 28. Nxe4 Ra5 29. a4 h6 30. f3 Bb3 31. Rb1 Bc2 32. Rb8+ Kh7 33. Nc3 Bxa4 34. Nxa4 Rxa4 35. Rb5 e4 36. fxe4 Rxe4 37. Ra5 Re7 38. Ra6 Kg8 39. Kf2 Kf8 40. Kf3 Ke8 41. Kf4 Kd8 42. Kf5 Kc8 43. Kg6 Kb7 44. Ra2 a6 45. g4 Kb6 46. Rb2+ Kc5 47. Ra2 Kb5 48. h4 a5 49. g5 hxg5 50. hxg5 a4 51. Kh7 Kb4 52. g6 a3 53. Rf2 Kc5 54. Rf5+ Kc4 55. Rf4+ Kb5 56. Rf5+ Kb6 57. Rf3 Ra7 58. Rxa3 Rxa3 59. Kxg7 Kc7 60. Kf7 Rf3+ 61. Ke7 Rg3 62. Kf7 Kd7 63. g7 Rxg7+ 64. Kxg7 1/2-1/2

[Event "Hunan Belt and Road Open 2019"]
[Site "Hunan"]
[Date "2019.07.30"]
[Round "2.23"]
[White "Wen, Yang"]
[Black "Xie, Jianjun"]
[Result "1-0"]
[ECO "B07"]
[WhiteElo "2586"]
[BlackElo "2417"]
[Annotator "ChessBase"]
[PlyCount "113"]
[EventDate "2019.07.29"]
[EventType "swiss"]
[EventCountry "CHN"]
[SourceTitle "playchess.com"]
[Source "ChessBase"]
[SourceQuality "1"]
[TimeControl "5400+30"]

1. e4 d6 2. d4 Nf6 3. Nc3 c6 4. f4 Qa5 5. Bd3 e5 6. Nf3 Bg4 7. Be3 Nbd7 8. O-O Be7 9. h3 Bh5 10. Qe1 Bxf3 11. Rxf3 Nh5 12. Ne2 Qxe1+ 13. Rxe1 O-O 14. g4 Nxf4 15. Nxf4 exf4 16. Bxf4 Rfe8 17. Ref1 f6 18. a4 Kh8 19. a5 a6 20. c3 Nf8 21. Bc4 Ng6 22. Bg3 Bd8 23. Bxd6 Rxe4 24. b4 Be7 25. Bd3 Re6 26. Bg3 Bf8 27. h4 Ne7 28. g5 Nd5 29. gxf6 gxf6 30. Bc4 Be7 31. Re1 Rxe1+ 32. Bxe1 Rg8+ 33. Kf1 Kg7 34. Rg3+ Kf7 35. Rxg8 Kxg8 36. Bd2 Kg7 37. Bd3 Bd6 38. Bf5 Ne7 39. Be6 Kg6 40. Kg2 Kh5 41. Kh3 Kg6 42. h5+ Kxh5 43. Bf7+ Ng6 44. c4 f5 45. c5 Bc7 46. d5 cxd5 47. Bxd5 Bf4 48. Be1 Bc7 49. Bg3 f4 50. Bh2 Kg5 51. Bxb7 Ne5 52. b5 axb5 53. a6 Bb8 54. c6 Nxc6 55. Bxc6 b4 56. Kg2 b3 57. Kf3 1-0

[Event "Hunan Belt and Road Open 2019"]
[Site "Hunan"]
[Date "2019.07.30"]
[Round "2.25"]
[White "Xu, Yinglun"]
[Black "Batsiashvili, Nino"]
[Result "1-0"]
[ECO "D31"]
[WhiteElo "2562"]
[BlackElo "2433"]
[Annotator "ChessBase"]
[PlyCount "65"]
[EventDate "2019.07.29"]
[EventType "swiss"]
[EventCountry "CHN"]
[SourceTitle "playchess.com"]
[Source "ChessBase"]
[SourceQuality "1"]
[TimeControl "5400+30"]

1. c4 e6 2. Nc3 d5 3. d4 a6 4. cxd5 exd5 5. Bf4 Nf6 6. e3 Bd6 7. Bg5 Be6 8. Bd3 h6 9. Bh4 Nbd7 10. f4 g5 11. fxg5 Ng4 12. Nf3 Be7 13. Qe2 hxg5 14. Bg3 Nh6 15. O-O-O c6 16. e4 dxe4 17. Bxe4 g4 18. Ne5 Nb6 19. Kb1 Nd5 20. Nxd5 cxd5 21. Bc2 Nf5 22. Nxf7 Kxf7 23. Rhf1 Qd7 24. Rxf5+ Bxf5 25. Rf1 Bf6 26. Bxf5 Qe7 27. Qxg4 Rag8 28. Qf3 Kg7 29. Rc1 Kh6 30. Bf4+ Bg5 31. h4 Bxf4 32. Qxf4+ Kh5 33. g4+ 1-0

[Event "Hunan Belt and Road Open 2019"]
[Site "Hunan"]
[Date "2019.07.30"]
[Round "2.26"]
[White "Lin, Weiguo"]
[Black "Zeng, Chongsheng"]
[Result "0-1"]
[ECO "D72"]
[WhiteElo "2408"]
[BlackElo "2551"]
[Annotator "ChessBase"]
[PlyCount "82"]
[EventDate "2019.07.29"]
[EventType "swiss"]
[EventCountry "CHN"]
[SourceTitle "playchess.com"]
[Source "ChessBase"]
[SourceQuality "1"]
[TimeControl "5400+30"]

1. d4 Nf6 2. c4 g6 3. g3 Bg7 4. Bg2 d5 5. cxd5 Nxd5 6. e4 Nb6 7. Ne2 O-O 8. O-O Nc6 9. d5 Na5 10. Nbc3 c6 11. b3 cxd5 12. exd5 Bg4 13. Bd2 e6 14. dxe6 Nc6 15. Rc1 Nd4 16. f3 Bxe6 17. Be3 Nf5 18. Bf2 Nd5 19. Nxd5 Bxd5 20. g4 Ne7 21. Re1 Bc6 22. Bc5 Bd5 23. Bf2 Bc6 24. Bc5 Bf6 25. Nd4 Bd7 26. Kh1 Rc8 27. f4 Bxg4 28. Qxg4 Bxd4 29. Red1 Rxc5 30. Rxc5 Bxc5 31. Rxd8 Rxd8 32. Bxb7 Rd2 33. a4 Nf5 34. Be4 Ne3 35. Qc8+ Kg7 36. h3 Bd4 37. Qa6 h5 38. a5 h4 39. b4 Rd1+ 40. Kh2 Nf1+ 41. Kg2 Nd2 0-1

[Event "Hunan Belt and Road Open 2019"]
[Site "Hunan"]
[Date "2019.07.30"]
[Round "2.27"]
[White "Gusain, Himal"]
[Black "Megaranto, Susanto"]
[Result "1/2-1/2"]
[ECO "D28"]
[WhiteElo "2407"]
[BlackElo "2545"]
[Annotator "ChessBase"]
[PlyCount "125"]
[EventDate "2019.07.29"]
[EventType "swiss"]
[EventCountry "CHN"]
[SourceTitle "playchess.com"]
[Source "ChessBase"]
[SourceQuality "1"]
[TimeControl "5400+30"]

1. Nf3 Nf6 2. d4 d5 3. c4 dxc4 4. e3 a6 5. Bxc4 e6 6. O-O b5 7. Bd3 Bb7 8. Qe2 Nbd7 9. Rd1 c5 10. dxc5 Bxc5 11. a3 Qc7 12. b4 Bd6 13. Bb2 O-O 14. Nbd2 Rac8 15. h3 Ne5 16. Nxe5 Bxe5 17. Bxe5 Qxe5 18. Nf3 Bxf3 19. Qxf3 Rfd8 20. Bf1 Qb2 21. Qe2 Qb3 22. a4 Qxb4 23. axb5 axb5 24. Qxb5 Qxb5 25. Bxb5 g5 26. Rxd8+ Rxd8 27. Bc6 Rd2 28. g4 Kg7 29. Bf3 Nd7 30. Kg2 Ne5 31. Be4 h6 32. Rc1 Rb2 33. Rb1 Rd2 34. Kg3 Ra2 35. Rb5 Kf6 36. Rb4 Ra3 37. Kg2 Rc3 38. Kg3 Rc4 39. Rxc4 Nxc4 40. h4 Ke5 41. Bd3 Nd6 42. hxg5 hxg5 43. f3 f6 44. Kf2 Kd5 45. Ke2 Kc5 46. Bb1 e5 47. Ba2 e4 48. fxe4 Nxe4 49. Be6 Kb4 50. Bf7 Kc3 51. Be6 Nc5 52. Bf5 Nb7 53. Be4 Nc5 54. Bf5 Kc4 55. Kd2 Kd5 56. Ke2 Ke5 57. Bc8 Ne4 58. Kd3 Nd6 59. Bd7 Kd5 60. Ke2 Nf7 61. Bf5 Ne5 62. Kd2 Nf7 63. Kd3 1/2-1/2

[Event "Hunan Belt and Road Open 2019"]
[Site "Hunan"]
[Date "2019.07.30"]
[Round "2.28"]
[White "Batchuluun, Tsegmed"]
[Black "Xu, Minghui"]
[Result "1-0"]
[ECO "D52"]
[WhiteElo "2535"]
[BlackElo "2401"]
[Annotator "ChessBase"]
[PlyCount "93"]
[EventDate "2019.07.29"]
[EventType "swiss"]
[EventCountry "CHN"]
[SourceTitle "playchess.com"]
[Source "ChessBase"]
[SourceQuality "1"]
[TimeControl "5400+30"]

1. d4 d5 2. c4 e6 3. Nf3 Nf6 4. Nc3 c6 5. Bg5 Nbd7 6. e3 Qa5 7. Nd2 Bb4 8. Qc2 O-O 9. Be2 c5 10. O-O cxd4 11. Nb3 Qb6 12. Bxf6 dxc3 13. Bxc3 Bxc3 14. Qxc3 dxc4 15. Nd2 Qc5 16. Qxc4 b6 17. Bf3 Rb8 18. Rfc1 Qxc4 19. Rxc4 Rd8 20. Rc7 Nc5 21. Ne4 Rd7 22. Rxd7 Bxd7 23. Nxc5 bxc5 24. b3 Kf8 25. Rc1 Rc8 26. Kf1 g5 27. Bb7 Bb5+ 28. Ke1 Rc7 29. Be4 f5 30. Bf3 Ke7 31. Be2 Bd7 32. f4 h6 33. g3 a5 34. Kd2 e5 35. Kc3 exf4 36. exf4 Rb7 37. Re1 Kd6 38. Rd1+ Ke6 39. Bc4+ Ke7 40. Rd5 gxf4 41. gxf4 Rc7 42. Bd3 Be6 43. Re5 Kf6 44. Bc4 Bd7 45. Bd5 Bc8 46. Re8 Bd7 47. Ra8 1-0

[Event "Hunan Belt and Road Open 2019"]
[Site "Hunan"]
[Date "2019.07.30"]
[Round "2.29"]
[White "Chen, Qi b"]
[Black "Zhao, Zong-Yuan"]
[Result "0-1"]
[ECO "B66"]
[WhiteElo "2414"]
[BlackElo "2529"]
[Annotator "ChessBase"]
[PlyCount "46"]
[EventDate "2019.07.29"]
[EventType "swiss"]
[EventCountry "CHN"]
[SourceTitle "playchess.com"]
[Source "ChessBase"]
[SourceQuality "1"]
[TimeControl "5400+30"]

1. e4 c5 2. Nf3 d6 3. d4 cxd4 4. Nxd4 Nf6 5. Nc3 Nc6 6. Bg5 e6 7. Qd2 a6 8. Nxc6 bxc6 9. O-O-O d5 10. Bc4 Be7 11. Bxf6 Bxf6 12. Bb3 O-O 13. Kb1 Rb8 14. f4 Qc7 15. Rhf1 a5 16. g4 Ba6 17. g5 Bxc3 18. Qxc3 Bxf1 19. Rxf1 Rb4 20. exd5 Rxf4 21. Rd1 Rd8 22. a3 a4 23. Ba2 Qd6 0-1

[Event "Hunan Belt and Road Open 2019"]
[Site "Hunan"]
[Date "2019.07.30"]
[Round "2.30"]
[White "Liu, Yan"]
[Black "Gan-Erdene, Sugar"]
[Result "1-0"]
[ECO "E63"]
[WhiteElo "2516"]
[BlackElo "2408"]
[Annotator "ChessBase"]
[PlyCount "135"]
[EventDate "2019.07.29"]
[EventType "swiss"]
[EventCountry "CHN"]
[SourceTitle "playchess.com"]
[Source "ChessBase"]
[SourceQuality "1"]
[TimeControl "5400+30"]

1. Nf3 Nf6 2. c4 g6 3. g3 Bg7 4. Bg2 O-O 5. d4 d6 6. O-O Nc6 7. Nc3 a6 8. Bf4 Bf5 9. d5 Na5 10. b3 c5 11. dxc6 Nxc6 12. Rc1 Qa5 13. Na4 b5 14. Bd2 Qd8 15. Nb2 Rc8 16. Nd3 bxc4 17. Rxc4 e5 18. Nb4 Nb8 19. Rxc8 Qxc8 20. Bg5 Qc5 21. Bxf6 Bxf6 22. Nd5 Bd8 23. Nd2 Kg7 24. Ne3 Be7 25. Nxf5+ gxf5 26. Nc4 f4 27. gxf4 exf4 28. Qd2 Qg5 29. Kh1 Qf6 30. Nb6 Qe5 31. Bf3 Kh8 32. Rg1 Rg8 33. Qc1 Rxg1+ 34. Kxg1 Qc5 35. Qxc5 dxc5 36. Kg2 Kg7 37. Be4 Bd6 38. Kf3 a5 39. Nd5 Nc6 40. Nxf4 Nd4+ 41. Ke3 Bxf4+ 42. Kxf4 Nxe2+ 43. Ke5 Nc3 44. a4 f6+ 45. Kf5 Kf7 46. Bd3 Nd1 47. f3 Nc3 48. h4 Ke7 49. Kg4 Kf7 50. Bxh7 c4 51. bxc4 Nxa4 52. Kf4 Kg7 53. Bc2 Nc5 54. Ke3 a4 55. Kd4 a3 56. Bb1 Na6 57. Kc3 Kh6 58. Kb3 Kh5 59. Kxa3 Kxh4 60. Ka4 Kg3 61. Kb5 Nc7+ 62. Kb6 Ne6 63. Be4 Kf4 64. Bd5 Nd4 65. c5 Ke5 66. c6 Kxd5 67. c7 Nxf3 68. c8=Q 1-0

[Event "Hunan Belt and Road Open 2019"]
[Site "Hunan"]
[Date "2019.07.30"]
[Round "2.32"]
[White "Yeoh, Li Tian"]
[Black "Liu, Guanchu"]
[Result "1-0"]
[ECO "B22"]
[WhiteElo "2528"]
[BlackElo "2449"]
[Annotator "ChessBase"]
[PlyCount "49"]
[EventDate "2019.07.29"]
[EventType "swiss"]
[EventCountry "CHN"]
[SourceTitle "playchess.com"]
[Source "ChessBase"]
[SourceQuality "1"]
[TimeControl "5400+30"]

1. e4 c5 2. c3 Nf6 3. e5 Nd5 4. Nf3 e6 5. Bc4 d6 6. d4 cxd4 7. cxd4 Be7 8. O-O O-O 9. Qe2 Nc6 10. Nc3 Nxc3 11. bxc3 dxe5 12. dxe5 b6 13. Qe4 Qc7 14. Bg5 Bb7 15. Bd3 g6 16. Qh4 Rfe8 17. Rae1 Bf8 18. Re3 Ne7 19. Nd4 Nf5 20. Bxf5 exf5 21. Bf6 h5 22. Rfe1 Bh6 23. Nxf5 Bxe3 24. Rxe3 Qc6 25. f3 1-0

[Event "Hunan Belt and Road Open 2019"]
[Site "Hunan"]
[Date "2019.07.30"]
[Round "2.33"]
[White "Lei, Tingjie"]
[Black "Munkhgal, Gombosuren"]
[Result "1-0"]
[ECO "C11"]
[WhiteElo "2505"]
[BlackElo "2442"]
[Annotator "ChessBase"]
[PlyCount "83"]
[EventDate "2019.07.29"]
[EventType "swiss"]
[EventCountry "CHN"]
[SourceTitle "playchess.com"]
[Source "ChessBase"]
[SourceQuality "1"]
[TimeControl "5400+30"]

1. e4 e6 2. d4 d5 3. Nc3 Nf6 4. e5 Nfd7 5. f4 c5 6. Nf3 Nc6 7. Be3 a6 8. Qd2 b5 9. Bd3 Qb6 10. Qf2 Bb7 11. O-O cxd4 12. Nxd4 Nxd4 13. Bxd4 Qxd4 14. Qxd4 Bc5 15. Ne2 Bxd4+ 16. Nxd4 g6 17. a4 b4 18. a5 Nc5 19. Kf2 Ke7 20. Ke3 Rac8 21. g3 Rc7 22. Nb3 Rb8 23. Nxc5 Rxc5 24. Kd4 Rc7 25. g4 Bc8 26. Rf2 h6 27. Raf1 b3 28. c3 Bd7 29. f5 gxf5 30. gxf5 Rg8 31. fxe6 Bxe6 32. Bf5 Rg7 33. Bxe6 fxe6 34. Rf8 Rg4+ 35. Kd3 Kd7 36. Rb8 Ke7 37. Rh8 Kd7 38. Rxh6 Rg7 39. Rf8 Rb7 40. Ra8 Rg2 41. Rh7+ Kc6 42. Rc8+ 1-0

[Event "Hunan Belt and Road Open 2019"]
[Site "Hunan"]
[Date "2019.07.30"]
[Round "2.34"]
[White "Fang, Yuxiang"]
[Black "Wang, Yiye"]
[Result "1/2-1/2"]
[ECO "D00"]
[WhiteElo "2476"]
[BlackElo "2440"]
[Annotator "ChessBase"]
[PlyCount "40"]
[EventDate "2019.07.29"]
[EventType "swiss"]
[EventCountry "CHN"]
[SourceTitle "playchess.com"]
[Source "ChessBase"]
[SourceQuality "1"]
[TimeControl "5400+30"]

1. d4 Nf6 2. Bf4 d5 3. Nc3 e6 4. e3 Bd6 5. Bg3 a6 6. Nf3 b6 7. Bd3 Bb7 8. O-O O-O 9. Re1 Nbd7 10. e4 dxe4 11. Nxe4 Nxe4 12. Bxe4 Bxe4 13. Rxe4 Nf6 14. Re2 Bxg3 15. hxg3 Qd6 16. c3 Rfd8 17. Qb3 Qd5 18. Re5 Qxb3 19. axb3 a5 20. Kf1 Kf8 1/2-1/2

[Event "Hunan Belt and Road Open 2019"]
[Site "Hunan"]
[Date "2019.07.30"]
[Round "2.35"]
[White "Taher, Yoseph Theolifus"]
[Black "Setyaki, Azarya Jodi"]
[Result "1/2-1/2"]
[ECO "D85"]
[WhiteElo "2460"]
[BlackElo "2409"]
[Annotator "ChessBase"]
[PlyCount "95"]
[EventDate "2019.07.29"]
[EventType "swiss"]
[EventCountry "CHN"]
[SourceTitle "playchess.com"]
[Source "ChessBase"]
[SourceQuality "1"]
[TimeControl "5400+30"]

1. c4 g6 2. d4 Nf6 3. Nc3 d5 4. cxd5 Nxd5 5. e4 Nxc3 6. bxc3 Bg7 7. Be3 c5 8. Qd2 Qa5 9. Nf3 O-O 10. Rc1 Bg4 11. Be2 Nd7 12. h3 Bxf3 13. Bxf3 Nb6 14. d5 Nc4 15. Qd3 Ne5 16. Qd2 Nxf3+ 17. gxf3 f5 18. c4 Qa3 19. Ke2 Rf7 20. Qc2 fxe4 21. fxe4 Bd4 22. Qb3 Qa6 23. Rhf1 Raf8 24. f4 Bxe3 25. Kxe3 e5 26. f5 gxf5 27. Ke2 f4 28. Rg1+ Kh8 29. Qb2 Qf6 30. Kd3 Rg7 31. Qf2 Rxg1 32. Rxg1 b6 33. Qf3 a6 34. a4 b5 35. axb5 axb5 36. cxb5 Qb6 37. Qg4 Qxb5+ 38. Kc2 Qa4+ 39. Kc1 Qc4+ 40. Kd1 Qb3+ 41. Kc1 Qa3+ 42. Kc2 Qa2+ 43. Kc1 Qc4+ 44. Kd1 Qa4+ 45. Kc1 Qa7 46. Qg5 Qa1+ 47. Kc2 Qa2+ 48. Kc1 1/2-1/2

[Event "Hunan Belt and Road Open 2019"]
[Site "Hunan"]
[Date "2019.07.30"]
[Round "2.36"]
[White "Lin, Yi"]
[Black "Li, Shilong"]
[Result "1-0"]
[ECO "E90"]
[WhiteElo "2406"]
[BlackElo "2457"]
[Annotator "ChessBase"]
[PlyCount "83"]
[EventDate "2019.07.29"]
[EventType "swiss"]
[EventCountry "CHN"]
[SourceTitle "playchess.com"]
[Source "ChessBase"]
[SourceQuality "1"]
[TimeControl "5400+30"]

1. d4 Nf6 2. c4 g6 3. Nc3 Bg7 4. e4 O-O 5. Nf3 d6 6. h3 e5 7. d5 a5 8. g4 Na6 9. Be3 Nc5 10. Nd2 Ne8 11. h4 f5 12. g5 Rf7 13. Be2 Qe7 14. Qc2 Bf8 15. O-O-O Na6 16. exf5 Bxf5 17. Nde4 Nb4 18. Qb3 c5 19. f3 Qd7 20. Na4 Rb8 21. a3 Na6 22. Nac3 Nac7 23. h5 b6 24. Ng3 Ng7 25. h6 Nge8 26. Nxf5 Rxf5 27. a4 Na6 28. Ne4 Nb4 29. Bd2 Qf7 30. f4 exf4 31. Bg4 Be7 32. Rhf1 Nc7 33. Bxf5 gxf5 34. Rxf4 Qg6 35. Nf6+ Bxf6 36. gxf6 Re8 37. Qh3 Kf7 38. Bxb4 cxb4 39. Qxf5 Qxf5 40. Rxf5 Re4 41. Rg1 Rxc4+ 42. Kb1 1-0

[Event "Hunan Belt and Road Open 2019"]
[Site "Hunan"]
[Date "2019.08.04"]
[Round "7.1"]
[White "Ganguly, Surya Shekhar"]
[Black "Cheparinov, Ivan"]
[Result "1-0"]
[ECO "A18"]
[WhiteElo "2638"]
[BlackElo "2666"]
[Annotator "ChessBase"]
[PlyCount "93"]
[EventDate "2019.07.29"]
[EventType "swiss"]
[EventCountry "CHN"]
[SourceTitle "playchess.com"]
[Source "ChessBase"]
[SourceQuality "1"]
[TimeControl "5400+30"]

1. c4 e6 2. Nc3 Nf6 3. e4 d5 4. cxd5 exd5 5. e5 Ne4 6. Nf3 Bf5 7. d4 Bb4 8. Bd2 Bxc3 9. Bxc3 O-O 10. Be2 b6 11. O-O c5 12. Bd2 Nc6 13. Be3 Bg4 14. dxc5 bxc5 15. Rc1 c4 16. b3 Nb4 17. Bxc4 dxc4 18. Qxd8 Rfxd8 19. Rxc4 Nxa2 20. Rxe4 Bxf3 21. gxf3 Nc3 22. Rc4 Nd5 23. Bc5 Nb6 24. Rb4 Rd5 25. Bd6 Nc8 26. Bb8 Nb6 27. Bxa7 Rxa7 28. Rxb6 g6 29. Re1 Rd2 30. e6 fxe6 31. Rexe6 Kg7 32. Red6 Rb2 33. Kg2 Rf7 34. Rd5 Kh6 35. h4 Rc7 36. Kg3 Rc3 37. b4 Rc7 38. h5 Rb1 39. hxg6 hxg6 40. f4 Rg1+ 41. Kf3 Rc3+ 42. Ke2 Rc2+ 43. Rd2 Rxd2+ 44. Kxd2 Kg7 45. Rb8 Kf6 46. b5 Ke6 47. b6 1-0

[Event "Hunan Belt and Road Open 2019"]
[Site "Hunan"]
[Date "2019.08.04"]
[Round "7.10"]
[White "Dai, Changren"]
[Black "Parligras, Mircea-Emilian"]
[Result "0-1"]
[ECO "B81"]
[WhiteElo "2510"]
[BlackElo "2638"]
[Annotator "ChessBase"]
[PlyCount "74"]
[EventDate "2019.07.29"]
[EventType "swiss"]
[EventCountry "CHN"]
[SourceTitle "playchess.com"]
[Source "ChessBase"]
[SourceQuality "1"]
[TimeControl "5400+30"]

1. e4 c5 2. Nf3 d6 3. d4 cxd4 4. Nxd4 Nf6 5. Nc3 a6 6. h3 e6 7. g4 Nfd7 8. Bg2 Be7 9. g5 O-O 10. h4 b5 11. e5 d5 12. f4 Bb7 13. O-O Nc6 14. Be3 Nxd4 15. Bxd4 b4 16. Ne2 Rc8 17. Rf2 Nc5 18. Ng3 g6 19. Qe1 a5 20. Rd1 Qc7 21. Qe3 Rfd8 22. Rfd2 Qc6 23. Bf1 Ne4 24. Rh2 Bc5 25. h5 Bxd4 26. Rxd4 Nxg3 27. Qxg3 Qb6 28. Qe3 Ba6 29. Bxa6 Qxa6 30. hxg6 fxg6 31. f5 exf5 32. e6 Re8 33. e7 Qd6 34. Re2 Rc7 35. Qb3 Rd7 36. Kf1 Kg7 37. c4 Rdxe7 0-1

[Event "Hunan Belt and Road Open 2019"]
[Site "Hunan"]
[Date "2019.08.04"]
[Round "7.11"]
[White "Tan, Zhongyi"]
[Black "Sethuraman, S.P."]
[Result "0-1"]
[ECO "E62"]
[WhiteElo "2511"]
[BlackElo "2630"]
[Annotator "ChessBase"]
[PlyCount "78"]
[EventDate "2019.07.29"]
[EventType "swiss"]
[EventCountry "CHN"]
[SourceTitle "playchess.com"]
[Source "ChessBase"]
[SourceQuality "1"]
[TimeControl "5400+30"]

1. d4 d6 2. Nf3 g6 3. g3 Bg7 4. Bg2 Nf6 5. O-O O-O 6. c4 Nc6 7. Nc3 e5 8. d5 Nb8 9. e4 a5 10. Ne1 Na6 11. Nd3 Nd7 12. a3 Nac5 13. Be3 b6 14. Qc2 f5 15. f3 f4 16. Bf2 Nxd3 17. Qxd3 a4 18. Qc2 Nc5 19. Bxc5 bxc5 20. Nxa4 fxg3 21. hxg3 Qg5 22. Kf2 h5 23. Nc3 Bh6 24. Rae1 Rb8 25. Nb5 Rf7 26. a4 Kg7 27. b3 Bb7 28. Qc3 Rbf8 29. f4 Kg8 30. Kg1 exf4 31. gxf4 Rxf4 32. Rxf4 Rxf4 33. Qh3 Bg7 34. Rf1 Rxe4 35. Qd7 Re7 36. Qd8+ Kh7 37. Kh1 Ba6 38. Bh3 Qh4 39. Kg1 Qg3+ 0-1

[Event "Hunan Belt and Road Open 2019"]
[Site "Hunan"]
[Date "2019.08.04"]
[Round "7.12"]
[White "Khademalsharieh, Sarasadat"]
[Black "Deac, Bogdan-Daniel"]
[Result "1/2-1/2"]
[ECO "D74"]
[WhiteElo "2481"]
[BlackElo "2621"]
[Annotator "ChessBase"]
[PlyCount "41"]
[EventDate "2019.07.29"]
[EventType "swiss"]
[EventCountry "CHN"]
[SourceTitle "playchess.com"]
[Source "ChessBase"]
[SourceQuality "1"]
[TimeControl "5400+30"]

1. d4 Nf6 2. c4 g6 3. g3 Bg7 4. Bg2 O-O 5. Nc3 Nc6 6. Nf3 d5 7. cxd5 Nxd5 8. O-O e5 9. Nxd5 e4 10. Ne5 Qxd5 11. Nxc6 Qxc6 12. Bf4 Bg4 13. h3 Be6 14. Rc1 Qd5 15. Rxc7 Bxd4 16. Qc2 Rac8 17. Qxe4 Qxe4 18. Bxe4 Rxc7 19. Bxc7 Rc8 20. Bf4 b6 21. b3 1/2-1/2

[Event "Hunan Belt and Road Open 2019"]
[Site "Hunan"]
[Date "2019.08.04"]
[Round "7.13"]
[White "Bilguun, Sumiya"]
[Black "Narayanan.S.L"]
[Result "1/2-1/2"]
[ECO "B92"]
[WhiteElo "2482"]
[BlackElo "2616"]
[Annotator "ChessBase"]
[PlyCount "155"]
[EventDate "2019.07.29"]
[EventType "swiss"]
[EventCountry "CHN"]
[SourceTitle "playchess.com"]
[Source "ChessBase"]
[SourceQuality "1"]
[TimeControl "5400+30"]

1. e4 c5 2. Nf3 d6 3. d4 cxd4 4. Nxd4 Nf6 5. Nc3 a6 6. Be2 e5 7. Nb3 Be7 8. Be3 Be6 9. Bf3 O-O 10. O-O Qc7 11. a4 Rc8 12. a5 Nbd7 13. Re1 h6 14. Re2 b5 15. axb6 Nxb6 16. Na5 Nc4 17. Nxc4 Bxc4 18. Rd2 Rab8 19. Rb1 a5 20. h3 Rb4 21. b3 Ba6 22. Nd5 Nxd5 23. Rxd5 Qxc2 24. Qxc2 Rxc2 25. Rxa5 Bd3 26. Ra8+ Bf8 27. Rd8 Rc8 28. Rxc8 Bxb1 29. Bc1 Rxb3 30. Bd1 Rb6 31. Bc2 Bxc2 32. Rxc2 Rb7 33. Rc8 f6 34. Kf1 Kf7 35. Ke2 h5 36. g4 h4 37. Be3 Rd7 38. g5 Be7 39. gxf6 gxf6 40. Rh8 d5 41. exd5 f5 42. Rh7+ Kg6 43. Rh6+ Kg7 44. d6 Bf6 45. Rh5 f4 46. Bxf4 exf4 47. Rf5 Rxd6 48. Rxf4 Kg6 49. Rf3 Be5 50. Kf1 Kg5 51. Kg2 Bf4 52. Ra3 Kf5 53. Ra5+ Be5 54. Ra4 Bf6 55. Kf3 Rd3+ 56. Kg2 Rd2 57. Ra3 Bd4 58. Rf3+ Ke4 59. Rf7 Ra2 60. Re7+ Kd3 61. Rf7 Ra6 62. Rf4 Rg6+ 63. Kf1 Rg8 64. Rf7 Ke4 65. Re7+ Be5 66. Rf7 Rg6 67. Rh7 Bf6 68. Rb7 Rg8 69. Rf7 Be5 70. Rh7 Bh2 71. Ke2 Ra8 72. Rb7 Be5 73. Kf1 Rf8 74. Re7 Rf5 75. Ke2 Rf8 76. Kf1 Kf4 77. Rd7 Ke4 78. Re7 1/2-1/2

[Event "Hunan Belt and Road Open 2019"]
[Site "Hunan"]
[Date "2019.08.04"]
[Round "7.14"]
[White "Zhou, Jianchao"]
[Black "Lagno, Kateryna"]
[Result "1/2-1/2"]
[ECO "D00"]
[WhiteElo "2608"]
[BlackElo "2549"]
[Annotator "ChessBase"]
[PlyCount "124"]
[EventDate "2019.07.29"]
[EventType "swiss"]
[EventCountry "CHN"]
[SourceTitle "playchess.com"]
[Source "ChessBase"]
[SourceQuality "1"]
[TimeControl "5400+30"]

1. d4 d5 2. Bf4 Nf6 3. e3 c5 4. dxc5 Qa5+ 5. Nd2 Nc6 6. Ngf3 Qxc5 7. a3 Qb6 8. b4 g6 9. c4 Bg7 10. Rc1 dxc4 11. Bxc4 Nh5 12. Qb3 O-O 13. Bxf7+ Rxf7 14. Ng5 e6 15. Nc4 Qd8 16. Nxf7 Kxf7 17. Nd6+ Kg8 18. Nxc8 Nxf4 19. exf4 Rxc8 20. Qxe6+ Kh8 21. O-O Qf8 22. Rfe1 Rd8 23. Rc4 a6 24. h4 Bf6 25. g3 Nd4 26. Qe4 Qf7 27. Rec1 Rd7 28. Rc8+ Kg7 29. Qe8 Nc6 30. Qxf7+ Kxf7 31. Rb1 Na7 32. Rcc1 Nb5 33. Rb3 h5 34. Kg2 Rd2 35. a4 Nd6 36. Rc7+ Kf8 37. Re3 Bd4 38. Re6 Nf5 39. Rxg6 Rxf2+ 40. Kh3 Rf1 41. Rc2 Ne3 42. Re2 Rh1+ 43. Rh2 Rb1 44. b5 axb5 45. axb5 Rxb5 46. Rg5 Rc5 47. Rd2 Rc1 48. Rxh5 Rh1+ 49. Rh2 Rb1 50. Rh7 Bg7 51. Rh5 b5 52. Rc5 b4 53. Rb5 b3 54. h5 Kg8 55. Rb8+ Kh7 56. Rb7 Kg8 57. Rb8+ Kh7 58. Rb7 Kg8 59. g4 b2 60. h6 Bxh6 61. Rhxb2 Rxb2 62. Rxb2 Bxf4 1/2-1/2